Map: Terrasses de Prion

Players

zidar - Winner!

  • Race: Zerg Zerg
  • League: Silver
  • Spawn Location: 5:00

Trodai

  • Race: Protoss Protoss
  • League: Silver
  • Spawn Location: 11:00

VOD

Have the link to the VOD?

Description

Time

  • Played on: Jan. 14, 2016, 2:31 p.m.
  • Length: 12:33
Show
View Real Time Build Order
Export as new Build Order

zidar Zerg - Winner!

Build Orders: Pool First 

Get SALT Encoding   

  12  0:03  Drone  
  13  0:12  Overlord  
  13  0:17  Drone  
  14  0:30  Drone  
  14  0:31  Drone  
  14  0:35  Drone  
  17  0:46  Spawning Pool  
  16  0:50  Drone  
  17  1:13  Hatchery  
  17  1:16  Drone  
  17  1:31  Drone  
  18  1:33  Queen  
  18  1:38  Overlord  
  20  1:51  Drone  
  20  2:09  Queen  
  22  2:26  Hatchery  
  21  2:33  Extractor  
  20  2:39  Queen  
  22  2:50  Drone x7  
  29  2:55  Overlord  
  29  3:22  Zergling x6  
  29  3:23  Zergling x10  
  37  3:44  Metabolic Boost  
  37  3:56  Spore Crawler  
  37  4:00  Spore Crawler  
  35  4:08  Extractor  
  34  4:17  Drone  
  34  4:18  Drone x7  
  42  4:35  Overlord x2  
  42  4:36  Overlord  
  42  4:56  Drone  
  42  4:57  Drone x3  
  42  4:58  Roach Warren  
  45  5:05  Drone  
  45  5:06  Drone x6  
  52  5:15  Spore Crawler  
  52  5:21  Zergling x20  
  61  5:38  Drone  
  61  5:42  Lair  
  54  6:08  Queen  
  54  6:09  Extractor x2  
  54  6:22  Roach x4  
  54  6:23  Roach x2  
  65  6:51  Hydralisk Den  
  64  7:22  Hydralisk  
  64  7:28  Overlord  
  64  7:29  Overlord x3  
  66  7:35  Pneumatized Carapace  
  66  7:56  Evolution Chamber  
  66  7:57  Evolution Chamber  
  64  8:12  Extractor  
  63  8:15  Extractor  
  62  8:23  Hydralisk x16  
  94  8:46  Overseer  
  94  8:48  Drone x4  
  98  8:51  Overlord x2  
  98  8:52  Overlord x2  
  98  9:10  Lurker Den  
  98  9:17  Zerg Ground Armor Level 1  
  98  9:34  Hatchery  
  98  9:38  Hydralisk x4  
  97  9:41  Roach x9  
  123  10:13  Overlord  
  123  10:14  Overlord  
  123  10:16  Overlord  
  123  10:17  Overlord  
  123  10:32  Hydralisk  
  123  10:33  Hydralisk x6  
  137  10:38  Zerg Missile Weapons Level 1  
  137  10:42  Overlord x3  
  137  10:43  Overlord x2  
  137  10:50  Hydralisk  
  137  10:51  Hydralisk x5  
  149  11:04  Muscular Augments  
  149  11:23  Hydralisk x4  
  121  12:03  Hydralisk  
  121  12:04  Hydralisk x8  
Show
View Real Time Build Order
Export as new Build Order

Trodai Protoss 

Build Orders:  

Get SALT Encoding   

  12  0:01  Probe (Chrono Boost)  
  13  0:12  Probe (Chrono Boost)  
  14  0:20  Pylon  
  14  0:23  Probe (Chrono Boost)  
  15  0:40  Gateway  
  15  0:45  Gateway  
  15  0:49  Probe (Chrono Boost)  
  16  1:00  Probe (Chrono Boost)  
  16  1:02  Assimilator  
  17  1:10  Pylon  
  17  1:11  Probe (Chrono Boost)  
  18  1:21  Probe (Chrono Boost)  
  19  1:31  Zealot  
  21  1:35  Zealot  
  23  1:48  Assimilator  
  23  1:52  Probe (Chrono Boost)  
  24  2:02  Probe (Chrono Boost)  
  24  2:05  Zealot x2  
  29  2:08  Pylon  
  29  2:13  Probe (Chrono Boost), Cybernetics Core  
  30  2:34  Zealot x2  
  34  2:54  Stargate  
  34  2:58  Probe (Chrono Boost)  
  35  3:11  Adept x2  
  39  3:17  Pylon  
  39  3:20  Pylon  
  39  3:38  Stalker x2  
  43  3:54  Nexus  
  43  4:08  Stalker x2  
  47  4:35  Probe (Chrono Boost)  
  48  4:38  Stalker x2  
  48  4:39  Assimilator  
  48  4:44  Assimilator  
  53  4:45  Probe (Chrono Boost)  
  53  5:01  Pylon  
  53  5:08  Zealot x2  
  53  5:11  Oracle  
  60  5:34  Pylon  
  60  5:35  Stalker x2  
  60  5:36  Pylon  
  60  5:42  Probe x2 (Chrono Boost)  
  66  6:09  Probe x2 (Chrono Boost)  
  68  6:16  Stalker x2  
  72  6:19  Probe x2 (Chrono Boost)  
  74  6:30  Probe x2 (Chrono Boost)  
  73  6:42  Probe x2 (Chrono Boost)  
  75  6:53  Probe x2 (Chrono Boost)  
  77  6:55  Void Ray  
  81  7:04  Stargate  
  81  7:05  Stargate  
  81  7:16  Probe x2 (Chrono Boost)  
  83  7:26  Nexus, Probe (Chrono Boost)  
  83  7:27  Probe (Chrono Boost)  
  85  7:31  Assimilator  
  85  7:34  Assimilator  
  85  7:38  Void Ray  
  89  7:46  Pylon  
  89  7:47  Pylon  
  89  7:48  Pylon  
  89  7:54  Void Ray  
  93  8:11  Void Ray  
  97  8:21  Void Ray  
  101  8:43  Probe x2 (Chrono Boost)  
  101  8:44  Probe (Chrono Boost)  
  104  8:48  Void Ray  
  104  8:54  Void Ray, Probe x3 (Chrono Boost)  
  115  9:01  Robotics Facility  
  115  9:03  Void Ray  
  115  9:09  Twilight Council  
  119  9:14  Fleet Beacon  
  119  9:22  Stalker  
  119  9:23  Stalker  
  123  9:36  Pylon  
  123  9:37  Pylon  
  123  9:39  Pylon  
  123  9:41  Pylon  
  123  9:52  Stalker  
  123  9:53  Stalker  
  123  9:56  Probe (Chrono Boost)  
  123  9:57  Probe x2 (Chrono Boost)  
  130  10:19  Observer  
  131  10:25  Robotics Bay  
  131  10:29  Dark Shrine  
  131  10:33  Templar Archives  
  131  10:41  Observer  
  132  11:31  Adept x2  
  136  11:35  Void Ray x3  
  137  11:58  Adept x2  
Tags
 
Add a new tag
Caveats
  • Supply blocks, unpowered buildings, or Contaminate may cause inaccurate times.
  • Supply counts are checked every 10 seconds.